 Dungeon Crawl Stone Soup version 0.21.0-37-g46506fa (webtiles) character file.

10358 Miyamura the Covert (level 11, -5/133 HPs)
             Began as an Octopode Transmuter on Feb 1, 2018.
             Was a Follower of Ashenzari.
             Slain by an unseen horror (7 damage)
             ... on level 10 of the Dungeon.
             The game lasted 00:31:29 (17635 turns).

Miyamura the Covert (Octopode Transmuter)          Turns: 17635, Time: 00:31:29

Health: -5/133     AC:  6    Str: 14 (16) XL:     11   Next: 60%
Magic:  16/20      EV: 14    Int: 17      God:    Ashenzari [*.....]
Gold:   520        SH:  0    Dex: 15      Spells: 12/22 levels left

rFire    . . .     SeeInvis .     - Unarmed
rCold    + + +     Gourm    .   (shield currently unavailable)
rNeg     . . .     Faith    .   (helmet currently unavailable)
rPois    +         Spirit   .   m - amulet of rage (curse)
rElec    .         Reflect  .   n - ring of protection from fire (curse)
rCorr    .         Harm     .   y - ring of poison resistance (curse)
MR       .....                  (no ring)
Stlth    ..........             (no ring)
HPRegen  0.32/turn              (no ring)
MPRegen  0.17/turn              (no ring)
                                (no ring)
                                (no ring)

@: berserking, ice-form, very quick
A: large, almost no armour, stealthy swim, amphibious, 8 rings, (constrict 8),
agile 1, deterioration 1
a: End Transformation, Curse Item, Scrying, Renounce Religion, Evoke Berserk
Rage


You were on level 10 of the Dungeon.
You worshipped Ashenzari.
Ashenzari was aware of your devotion.
You were near starving.
You were a creature of crystalline ice.
You visited 3 branches of the dungeon, and saw 12 of its levels.

You collected 520 gold pieces.

Inventory:

Hand Weapons
 E - the cursed +5 short sword of Ascent (melded) {elec, SInv}
   (You found it on level 6 of the Dungeon)

   Occasionally, upon striking a foe, it will discharge some electrical energy
   and cause terrible harm.
   It lets you see invisible.
   It has a curse placed upon it.
Missiles
 a - 114 arrows
Armour
 d - a +2 hat (melded)
Jewellery
 m - a cursed amulet of rage (around neck)
 n - a cursed ring of protection from fire (left front paw)
 y - a cursed ring of poison resistance (right front paw)
Wands
 h - a wand of polymorph (7)
 i - a wand of scattershot (3)
 p - a wand of random effects (9)
 w - a wand of enslavement (4)
 x - a wand of clouds (1)
Scrolls
 g - 2 scrolls of amnesia
 l - 3 scrolls of remove curse
 o - a scroll of summoning
 q - a scroll of teleportation
 v - 2 scrolls of enchant weapon
 C - 2 scrolls of enchant armour
Potions
 f - a potion of cancellation
 k - 3 potions of flight
 r - 3 potions of ambrosia
 s - a potion of invisibility
 t - a potion of brilliance
 u - a potion of might
 A - 2 potions of magic
 D - a potion of lignification
 F - 4 potions of curing
Books
 b - a book of Changes

   Spells                             Type                      Level
   a - Beastly Appendage              Transmutation                1
   b - Sticks to Snakes               Transmutation                2
   c - Spider Form                    Transmutation/Poison         3
   d - Ice Form                       Ice/Transmutation            4
   e - Blade Hands                    Transmutation                5
 e - a book of Cantrips

   Spells                             Type                      Level
   a - Confusing Touch                Hexes                        1
   b - Animate Skeleton               Necromancy                   1
   c - Summon Small Mammal            Summoning                    1
   d - Apportation                    Translocation                1
Comestibles
 c - 13 rations


   Skills:
 - Level 6.7 Fighting
 - Level 4.1 Short Blades
 - Level 7.1 Dodging
 - Level 8.3 Stealth
 - Level 8.2 Unarmed Combat
 - Level 6.4 Spellcasting
 - Level 7.2 Transmutations
 - Level 5.0 Ice Magic
 + Level 0.8 Evocations


You had 12 spell levels left.
You knew the following spells:

 Your Spells              Type           Power        Failure   Level  Hunger
a - Beastly Appendage     Tmut           ####..       1%          1    None
b - Spider Form           Tmut/Pois      ###.......   9%          3    ##.....
i - Ice Form              Ice/Tmut       ####....     10%         4    ####...
t - Sticks to Snakes      Tmut           ####....     1%          2    None


Dungeon Overview and Level Annotations

Branches:
Dungeon (10/15)            Temple (1/1) D:6            Lair (1/6) D:8
    Orc: D:9-12

Altars:
Ashenzari
Cheibriados
Dithmenos
Elyvilon
Fedhas
Gozag
Hepliaklqana
Kikubaaqudgha
Makhleb
Nemelex Xobeh
Okawaru
Qazlal
Ru
Sif Muna
Trog
Uskayaw
Vehumet
Wu Jian
Xom
Yredelemnul
Zin
The Shining One

Shops:
D:7 %

Annotations:
D:3 Santangelo's ghost, amateur MiAK


Innate Abilities, Weirdness & Mutations

You cannot wear most types of armour.
You are very stealthy in the water. (Stealth+)
You are amphibious.
You can wear up to eight rings at the same time.
((You can use your tentacles to constrict eight enemies at once.))
((Your skin changes colour to match your surroundings (Stealth+).))
((Your rubbery body absorbs attacks. (AC +1, EV +1)))
((You have a pair of small antennae on your head.))
((One of your tentacles bears a spike.))
You are agile. (Dex +2)
Your body sometimes deteriorates upon taking damage.


Message History

The cursed +5 short sword of Ascent {elec, SInv} melds into your body.
Your +2 hat melds into your body.
The cursed +5 short sword of Ascent {elec, SInv} stops crackling.
The catoblepas bellows!
You are feeling very hungry.
Something hits you!
Deactivating autopickup; reactivate with Ctrl-A.
You fail to use your ability.
Something hits you. x2
The catoblepas gores you but does no damage.
A red film seems to cover your vision as you go berserk!
You feel yourself moving faster!
You feel mighty!
You are near starving!
Something hits you! Something closely misses you. The catoblepas gores you!!
You hit the catoblepas. You freeze the catoblepas.
The catoblepas is lightly wounded.
Something hits you. The catoblepas gores you!!
You hit the catoblepas. You freeze the catoblepas.
The catoblepas is lightly wounded.
Something hits you!
You die...

### ..# ############# #. #
#.# #...........# #.# ####.
#.# #.#########># #.# #..
#.#.###.#### #.# #.###..
#{Y.......# #.# ###.....##
##Y.#####.# #.# ...#
#..###...# .######.##
#.###...#....# .........)
#..†.........## ..........
#.###.##..........###
.######...
#.................... #.(.
###.####..........#.. #...
#.
####.........#.o########.).


You could see a catoblepas.

Vanquished Creatures
  Gastronok (D:10)
  Snorg (D:10)
  Erica (D:10)
  An ugly thing (D:8)
  Psyche (D:8)
  3 hippogriffs
  4 yaks (D:10)
  Grum (D:8)
  A hungry ghost (D:7)
  A water moccasin (D:10)
  A soldier ant (D:9)
  4 orc warriors
  A hornet zombie (D:6)
  3 ice beasts
  2 phantoms
  2 wolves (D:8)
  4 ogres
  4 centaurs
  A crocodile (D:8)
  A bullfrog (D:8)
  4 scorpions
  A wyvern skeleton (D:9)
  6 killer bees (D:9)
  4 wights (D:8)
  4 howler monkeys
  6 crimson imps
  2 bullfrog zombies (D:8)
  3 centaur zombies
  6 hounds
  A jelly (D:6)
  10 orc wizards
  Crazy Yiuf (D:2)
  6 orc priests
  6 iguanas
  Ijyb (D:3)
  10 worker ants
  A hound zombie (D:8)
  2 hound skeletons
  4 gnolls (D:9)
  10 adders
  2 shadow imps
  An ooze (D:4)
  An adder skeleton (D:10)
  4 worms
  5 dart slugs
  6 leopard geckos
  35 orcs
  4 bats
  3 giant cockroaches
  12 goblins
  9 hobgoblins
  13 jackals
  4 kobolds
  4 quokkas
  8 frilled lizards
  A leopard gecko zombie (D:8)
  A quokka zombie (D:5)
  10 rats
249 creatures vanquished.

Vanquished Creatures (collateral kills)
  A two-headed ogre (D:9)
  The ghost of ponchio the Skirmisher, a novice GrFi of Elyvilon (D:5)
  A phantom (D:6)
  A wight (D:8)
  A jelly (D:9)
  An adder (D:5)
  2 orcs (D:8)
8 creatures vanquished.

Grand Total: 257 creatures vanquished

Notes
Turn   | Place    | Note
-------+----------+-------------------------------------------
     0 | D:1      | Miyamura the Octopode Transmuter began the quest for the Orb.
     0 | D:1      | Reached XP level 1. HP: 13/13 MP: 3/3
   155 | D:1      | Reached XP level 2. HP: 18/18 MP: 3/5
   162 | D:1      | Learned a level 2 spell: Sticks to Snakes
   245 | D:1      | Reached skill level 1 in Stealth
   563 | D:1      | Reached XP level 3. HP: 22/23 MP: 6/6
  1013 | D:2      | Found a radiant altar of Vehumet.
  1864 | D:2      | Reached XP level 4. HP: 5/28 MP: 5/7
  2142 | D:2      | Found an opulent altar of Gozag.
  2675 | D:2      | Found a runed door.
  3008 | D:2      | Learned a level 3 spell: Spider Form
  3009 | D:2      | Noticed Crazy Yiuf
  3018 | D:2      | Killed Crazy Yiuf
  3018 | D:2      | Reached XP level 5. HP: 25/34 MP: 5/8
  3251 | D:3      | Noticed Ijyb
  3502 | D:3      | Noticed Santangelo's ghost (amateur MiAK)
  4123 | D:3      | Noticed an ogre
  4180 | D:3      | Killed Ijyb
  4378 | D:3      | Killed an ogre
  4378 | D:3      | Reached XP level 6. HP: 39/39 MP: 10/10
  4384 | D:3      | Learned a level 4 spell: Ice Form
  5884 | D:5      | Entered Level 5 of the Dungeon
  5915 | D:5      | Noticed ponchio's ghost (novice GrFi)
  6057 | D:5      | Reached skill level 1 in Ice Magic
  6057 | D:5      | Reached XP level 7. HP: 33/45 MP: 1/11
  6285 | D:5      | HP: 2/45 [poisoned by an adder]
  6292 | D:5      | HP: 2/45 [poisoned by an adder]
  6300 | D:5      | HP: 1/45 [poisoned by an adder]
  7015 | D:5      | Killed ponchio's ghost
  7245 | D:5      | Found an ancient bone altar of Kikubaaqudgha.
  7399 | D:5      | Reached XP level 8. HP: 51/52 MP: 10/13
  7659 | D:6      | Reached skill level 5 in Stealth
  7973 | D:6      | Found a staircase to the Ecumenical Temple.
  8050 | Temple   | Entered the Ecumenical Temple
  8330 | Temple   | Became a worshipper of Ashenzari the Shackled
  8520 | D:6      | Got the short sword of Ascent {elec, SInv}
  8577 | D:6      | Identified the +5 short sword of Ascent {elec, SInv} (You found it on level 6 of the Dungeon)
  8755 | D:6      | Found a snail-covered altar of Cheibriados.
  9031 | D:6      | Reached skill level 5 in Unarmed Combat
  9248 | D:6      | Reached skill level 1 in Short Blades
  9431 | D:6      | Found a hazy altar of Hepliaklqana.
  9511 | D:7      | Reached XP level 9. HP: 45/58 MP: 12/15
  9795 | D:7      | Reached skill level 5 in Transmutations
  9866 | D:7      | Found Seatoo's Food Emporium.
  9922 | D:7      | Found an iron altar of Okawaru.
  9931 | D:7      | Found an opulent altar of Gozag.
  9931 | D:7      | Found a glowing silver altar of Zin.
 10244 | D:6      | Reached skill level 5 in Dodging
 11613 | D:8      | Noticed Psyche
 11623 | D:8      | Killed Psyche
 11623 | D:8      | Reached skill level 5 in Fighting
 11623 | D:8      | Reached skill level 5 in Spellcasting
 11623 | D:8      | Reached XP level 10. HP: 66/66 MP: 17/17
 11639 | D:8      | Noticed a white ugly thing
 11677 | D:8      | Killed a brown ugly thing
 11740 | D:8      | Found a shadowy altar of Dithmenos.
 11743 | D:8      | Noticed Grum
 11762 | D:8      | Killed Grum
 12137 | D:8      | Found a staircase to the Lair.
 12512 | D:8      | Found a burning altar of Makhleb.
 13399 | D:9      | Noticed a two-headed ogre
 13782 | D:9      | Killed a two-headed ogre
 14681 | D:9      | Reached * piety under Ashenzari
 15185 | D:10     | Entered Level 10 of the Dungeon
 15307 | Lair:1   | Entered Level 1 of the Lair of Beasts
 15332 | Lair:1   | Reached skill level 5 in Ice Magic
 15778 | Lair:1   | Noticed an eight-headed hydra
 16115 | Lair:1   | Noticed a four-headed hydra
 16479 | D:10     | Noticed Gastronok
 16483 | D:10     | Gained mutation: You have a pair of small antennae on your head. [potion of mutation]
 16483 | D:10     | Gained mutation: Your body sometimes deteriorates upon taking damage. [potion of mutation]
 16483 | D:10     | Gained mutation: You are agile. (Dex +2) [potion of mutation]
 16483 | D:10     | Gained mutation: One of your tentacles bears a spike. [potion of mutation]
 16512 | D:10     | Killed Gastronok
 16512 | D:10     | Reached XP level 11. HP: 54/72 MP: 8/20
 16610 | D:10     | Noticed a catoblepas
 17142 | D:10     | Noticed Snorg
 17155 | D:10     | Killed Snorg
 17468 | D:10     | Noticed Erica
 17479 | D:10     | Killed Erica
 17615 | D:10     | Noticed an unseen horror
 17634 | D:10     | HP: 2/133 [catoblepas (31)]
 17635 | D:10     | Slain by an unseen horror

Skill      XL: |  1  2  3  4  5  6  7  8  9 10 11 |
---------------+----------------------------------+-----
Stealth        | 1 2 3 4 6 7 8 |  8.3
Fighting       | 2 3 4 5 6 |  6.7
Dodging        | 3 4 5 6 7 |  7.1
Transmutations | 3 4 5 6 7 |  7.2
Unarmed Combat | 4 5 7 8 |  8.2
Spellcasting   | 3 4 5 6 |  6.4
Ice Magic      | 1 2 3 4 5 |  5.0
Short Blades   | 1 3 4 |  4.1
Evocations     | |  0.8

Action                   |  1- 3 |  4- 6 |  7- 9 | 10-12 || total
-------------------------+-------+-------+-------+-------++-------
Melee: Unarmed           |    87 |   144 |   152 |   185 ||   568
       Constrict         |    21 |    32 |    29 |    19 ||   101
       Tentacles         |    15 |    16 |    26 |    15 ||    72
       Kick              |     7 |    14 |       |     9 ||    30
       Punch             |     1 |     2 |     6 |     4 ||    13
       Short sword       |       |       |   102 |    90 ||   192
 Cast: Beastly Appendage |     7 |     8 |     1 |       ||    16
       Spider Form       |       |     8 |    12 |     6 ||    26
       Sticks to Snakes  |       |       |    12 |    20 ||    32
       Ice Form          |       |       |     2 |    15 ||    17
Invok: Curse Item        |       |       |     2 |     2 ||     4
 Abil: Evoke Berserk Rag |       |       |     2 |     3 ||     5
       End Transformatio |       |       |     1 |     1 ||     2
Evoke: Wand              |       |     5 |    34 |     3 ||    42
  Use: Potion            |     4 |     1 |     2 |     5 ||    12
       Scroll            |       |     7 |     9 |     2 ||    18
 Stab: Sleeping          |     7 |     6 |     7 |    10 ||    30
       Distracted        |     1 |       |     1 |     3 ||     5
  Eat: Chunk             |     3 |    10 |    13 |    11 ||    37
       Ration            |       |     1 |     4 |     3 ||     8
Armor: Skin              |    13 |     7 |    18 |    39 ||    77
Dodge: Dodged            |    52 |    87 |   215 |   198 ||   552
